Map: Línea Aguablanca EE

Players

TATORREA - Winner!

  • Race: Protoss Protoss
  • League: Gold
  • Spawn Location: 6:00

tigro - Winner!

  • Race: Terran Terran
  • League: Bronze
  • Spawn Location: 7:00

MrFercho - Winner!

  • Race: Zerg Zerg
  • League: Gold
  • Spawn Location: 7:00

Microvawe

  • Race: Terran Terran
  • League: Silver
  • Spawn Location: 1:00

Mirachael

  • Race: Protoss Protoss
  • Spawn Location: 12:00

ttorrrr

  • Race: Zerg Zerg
  • League: Silver
  • Spawn Location: 1:00

VOD

Have the link to the VOD?

Description

Time

  • Played on: Aug. 2, 2020, 7:57 p.m.
  • Length: 25:44
Show
View Real Time Build Order
Export as new Build Order

TATORREA Protoss - Winner!

Build Orders:  

Get SALT Encoding   

  12  0:04  Probe  
  13  0:16  Probe  
  14  0:27  Pylon  
  14  0:29  Probe  
  15  0:45  Probe  
  16  0:53  Gateway  
  16  0:57  Probe  
  17  1:09  Assimilator, Probe (Chrono Boost)  
  18  1:12  Pylon  
  18  1:22  Probe (Chrono Boost)  
  18  1:23  Gateway  
  19  1:29  Probe (Chrono Boost)  
  20  1:36  Probe  
  21  1:43  Assimilator  
  21  1:46  Pylon  
  21  1:49  Probe  
  21  1:53  Cybernetics Core  
  22  2:01  Probe  
  23  2:13  Probe  
  24  2:20  Gateway  
  24  2:24  Gateway  
  24  2:31  Warp Gate  
  24  2:34  Stalker  
  26  2:39  Stalker  
  28  3:19  Nexus  
  28  3:22  Pylon  
  28  3:24  Pylon  
  28  3:37  Probe  
  28  3:41  Zealot x2  
  33  3:49  Probe  
  34  3:56  Twilight Council  
  34  4:01  Probe  
  35  4:09  Robotics Facility  
  35  4:13  Probe  
  34  4:24  Stalker x2  
  32  4:46  Stalker x2  
  34  4:58  Stalker x2  
  36  5:23  Stalker x2  
  36  5:24  Stalker x2  
  36  5:25  Probe (Chrono Boost)  
  36  5:26  Probe (Chrono Boost)  
  48  5:36  Probe x2 (Chrono Boost)  
  48  5:41  Probe (Chrono Boost)  
  47  6:06  Stalker x2  
  47  6:07  Stalker x2, Charge (Chrono Boost)  
  47  6:10  Immortal (Chrono Boost)  
  59  6:19  Probe x2  
  61  6:31  Probe x2  
  63  6:34  Pylon  
  63  6:42  Warp Prism  
  63  6:43  Assimilator, Probe x2  
  67  6:47  Assimilator  
  67  6:48  Pylon  
  67  6:55  Probe x2  
  69  7:07  Probe x2  
  71  7:09  Forge  
  71  7:18  Immortal  
  71  7:19  Probe x2  
  77  7:50  Probe  
  77  7:51  Probe  
  79  7:57  Immortal  
  83  8:16  Nexus  
  83  8:17  Probe x2  
  83  8:19  Pylon  
  85  8:20  Pylon  
  85  8:36  Blink (Chrono Boost)  
  85  8:38  Protoss Ground Weapons Level 1 (Chrono Boost)  
  85  8:44  Immortal, Forge  
  85  8:47  Forge  
  85  8:48  Probe x2  
  91  8:50  Photon Cannon  
  91  8:53  Photon Cannon  
  91  8:54  Photon Cannon  
  91  9:00  Probe x2  
  93  9:08  Photon Cannon  
  93  9:11  Zealot x3  
  93  9:12  Zealot  
  77  9:59  Protoss Ground Armor Level 1 (Chrono Boost), Protoss Shields Level 1 (Chrono Boost)  
  77  10:01  Stalker x3  
  77  10:02  Stalker  
  79  10:09  Immortal  
  73  10:30  Probe x3  
  73  10:34  Stalker  
  78  10:37  Stalker, Photon Cannon  
  78  10:40  Stalker, Photon Cannon  
  78  10:42  Photon Cannon, Probe x2  
  84  10:43  Stalker  
  84  10:45  Photon Cannon  
  84  10:47  Assimilator, Protoss Ground Weapons Level 2 (Chrono Boost)  
  86  10:52  Assimilator  
  86  10:56  Pylon  
  86  11:01  Immortal  
  86  11:02  Pylon  
  90  11:18  Nexus  
  90  11:20  Pylon  
  90  11:22  Pylon  
  90  11:29  Gateway  
  90  11:31  Gateway  
  90  11:33  Gateway  
  68  11:55  Zealot x3  
  68  11:56  Zealot  
  68  11:59  Protoss Shields Level 2 (Chrono Boost)  
  68  12:00  Immortal  
  78  12:09  Protoss Ground Armor Level 2 (Chrono Boost)  
  74  12:21  Zealot  
  74  12:22  Zealot x3  
  82  12:31  Probe x2  
  82  12:33  Probe x2  
  86  12:41  Immortal  
  86  12:43  Zealot x4  
  86  12:44  Probe x2, Zealot x3  
  102  12:45  Probe x2  
  108  12:54  Templar Archives  
  108  12:56  Probe  
  108  12:57  Pylon  
  109  13:03  Pylon  
  109  13:05  Probe x3  
  111  13:07  Protoss Ground Weapons Level 3 (Chrono Boost)  
  111  13:08  Pylon, Probe  
  111  13:10  Assimilator x2  
  111  13:11  Pylon  
  113  13:20  Pylon, Zealot x2  
  113  13:21  Zealot  
  113  13:22  Zealot x2  
  113  13:23  Zealot  
  113  13:25  Zealot  
  113  13:26  Pylon  
  127  13:35  Probe x2  
  129  13:51  Gateway  
  129  13:52  Gateway  
  129  13:56  Gateway  
  129  13:57  Gateway  
  73  14:19  Zealot x2  
  73  14:20  Zealot x5  
  87  14:37  Protoss Shields Level 3 (Chrono Boost), Protoss Ground Armor Level 3 (Chrono Boost)  
  87  14:47  Immortal (Chrono Boost)  
  91  14:59  Stalker x2, Nexus  
  95  15:00  Stalker x5  
  95  15:01  Stalker x2  
  95  15:02  Stalker x2  
  95  15:03  Pylon x2  
  113  15:08  Gateway  
  113  15:21  Stargate  
  113  15:24  Stargate  
  113  15:26  Protoss Air Weapons Level 1 (Chrono Boost)  
  113  15:27  Stargate  
  113  15:30  Stargate  
  113  15:41  Probe x3  
  113  15:42  Probe  
  117  15:51  Immortal (Chrono Boost)  
  117  15:52  Assimilator  
  117  15:53  Probe x3  
  117  15:56  Assimilator  
  124  16:02  Stalker x2  
  124  16:03  High Templar  
  124  16:04  High Templar x4, Psionic Storm  
  134  16:05  High Templar  
  134  16:06  High Templar  
  134  16:07  High Templar x2  
  134  16:10  Archon x2  
  134  16:11  Archon  
  146  16:12  Archon  
  146  16:23  Immortal  
  150  16:38  High Templar x2  
  150  16:39  High Templar  
  156  16:40  High Templar x2  
  156  16:41  High Templar x2  
  156  16:42  High Templar x4  
  156  16:43  High Templar  
  156  16:45  Archon x3  
  156  16:46  Archon x3  
  162  17:03  Immortal  
  136  17:23  Stalker  
  136  17:24  Stalker x3  
  136  17:25  Stalker x4  
  136  17:26  Stalker x4  
  136  17:27  Protoss Air Armor Level 1  
  159  18:11  Nexus  
  159  18:12  Stalker  
  159  18:13  Stalker x4  
  159  18:14  Stalker x3, Pylon  
  159  18:15  Stalker  
  159  18:16  Stalker x3, Pylon  
  183  18:27  Void Ray x2  
  183  18:28  Void Ray x2  
  199  18:38  Fleet Beacon  
  199  18:57  Assimilator  
  105  20:21  High Templar x3  
  95  20:22  High Templar x5  
  95  20:23  High Templar x2  
  95  20:25  High Templar  
  91  20:38  Archon x3  
  91  20:39  Archon x2  
  91  20:42  Zealot  
  93  20:56  Zealot x4  
  93  20:57  Zealot x4  
  99  20:58  Zealot x3  
  103  21:29  Gateway  
  103  21:31  Gateway  
  103  21:32  Gateway x2, Zealot  
  105  21:33  Gateway, Zealot x5  
  105  21:34  Zealot x2  
  105  21:35  Zealot x3  
  105  21:36  Zealot  
  105  21:37  Gateway  
  105  21:38  Gateway x2  
  127  21:41  Gateway  
  127  21:43  Gateway  
  127  21:52  Nexus  
  127  21:53  Pylon  
  127  21:54  Pylon  
  127  21:57  Zealot x5  
  127  21:58  Zealot  
  139  22:03  Pylon  
  139  22:04  Pylon  
  139  22:05  Nexus  
  103  22:50  Zealot  
  103  22:51  Zealot x4  
  109  22:52  Zealot x5  
  109  22:53  Zealot x3  
  109  22:54  Zealot  
  109  23:12  Zealot x5  
  99  23:25  Probe  
  99  23:26  Probe x5  
  101  23:27  Assimilator  
  101  23:29  Assimilator  
  101  23:38  Probe x2  
  99  23:56  Zealot x4  
  99  23:57  Zealot x4  
  99  23:58  Zealot x3  
  99  23:59  Zealot  
  91  24:10  Probe x3  
  91  24:11  Probe x2  
  94  24:24  Zealot x5  
  96  24:25  Zealot x3  
  94  24:49  Observer  
  75  25:00  Robotics Bay  
  75  25:05  Zealot x5  
  75  25:06  Zealot x3  
  91  25:11  Observer  
  92  25:19  Zealot x3  
  92  25:20  Zealot x4  
  92  25:21  Zealot x2  
  110  25:26  Assimilator  
  110  25:27  Assimilator  
  110  25:29  Probe  
  110  25:30  Probe x5  
  116  25:36  Stalker x2  
Show
View Real Time Build Order
Export as new Build Order

tigro Terran - Winner!

Build Orders:  

Get SALT Encoding   

  12  0:14  SCV  
  13  0:22  Supply Depot  
  13  0:27  SCV  
  14  0:39  SCV  
  15  0:45  Supply Depot  
  15  0:49  Barracks  
  15  0:53  Refinery  
  15  1:03  SCV  
  16  1:15  SCV  
  17  1:19  Refinery  
  17  1:27  SCV  
  18  1:37  Marine  
  18  1:39  SCV  
  20  1:55  Marine  
  20  1:58  Factory  
  20  2:00  SCV  
  22  2:12  Marine  
  22  2:13  SCV  
  24  2:25  SCV  
  25  2:30  Marine  
  26  2:37  SCV  
  26  2:42  Factory Tech Lab  
  27  2:47  Engineering Bay  
  27  2:48  Marine  
  27  2:50  Orbital Command  
  28  3:43  Barracks Tech Lab  
  28  3:44  Siege Tank  
  31  3:49  Terran Infantry Weapons Level 1  
  31  4:16  Siege Tank  
  25  4:48  Siege Tank  
  28  4:54  Marine  
  29  5:12  Marine  
  30  5:20  Siege Tank  
  33  5:29  Marine  
  34  5:43  Terran Infantry Armor Level 1  
  34  5:47  Marine  
  34  6:05  Marine  
  35  6:23  Marine  
  36  6:41  Marine  
  37  6:48  Combat Shield  
  37  6:51  Siege Tank  
  40  6:58  Marine  
  41  7:16  Marine  
  41  7:19  Command Center  
  39  7:34  Marine  
  40  7:37  Neosteel Armor  
  40  7:52  Marine  
  41  8:07  Stimpack  
  41  8:10  Marine  
  42  8:15  Missile Turret  
  42  8:28  Marine  
  43  8:37  Missile Turret  
  43  8:39  Refinery  
  43  8:40  SCV  
  44  8:45  Marine  
  45  8:52  Armory, SCV  
  46  8:58  Missile Turret  
  46  9:03  Marine  
  46  9:04  SCV  
  48  9:16  SCV  
  49  9:17  Hi-Sec Auto Tracking  
  49  9:18  Missile Turret  
  49  9:21  Marine  
  50  9:25  Supply Depot  
  50  9:28  SCV  
  51  9:39  Marine  
  51  9:40  Missile Turret  
  51  9:42  Starport  
  52  9:48  Supply Depot  
  52  9:57  Marine  
  53  10:01  Missile Turret  
  53  10:11  Supply Depot  
  53  10:14  Marine  
  54  10:22  Missile Turret  
  53  10:38  Medivac  
  55  10:55  Missile Turret  
  55  11:01  Refinery  
  55  11:02  Barracks  
  39  11:21  Marine  
  39  11:24  Missile Turret  
  40  11:31  SCV  
  41  11:39  Marine  
  42  11:40  Thor  
  42  11:43  SCV  
  42  11:45  Missile Turret  
  42  11:46  Starport Tech Lab  
  49  11:55  SCV  
  49  11:57  Marine  
  51  12:06  Missile Turret  
  51  12:07  SCV  
  52  12:14  Marine  
  53  12:19  SCV  
  51  12:23  Medivac, Thor  
  51  12:29  Missile Turret  
  59  12:31  Barracks Reactor  
  59  12:32  Marine  
  60  12:49  Terran Vehicle Weapons Level 1  
  60  12:53  Medivac  
  60  12:54  Fusion Core  
  62  12:59  Terran Infantry Weapons Level 2  
  62  13:00  Missile Turret  
  62  13:06  Thor  
  68  13:14  SCV  
  69  13:21  Marine x2, Missile Turret  
  69  13:26  SCV  
  72  13:38  SCV  
  72  13:39  Marine x2  
  75  13:46  Missile Turret  
  75  13:50  SCV  
  76  13:57  Marine x2  
  76  14:02  SCV  
  79  14:07  Missile Turret  
  75  14:14  Marine  
  75  14:15  Marine  
  77  14:29  Medivac  
  78  14:37  Missile Turret  
  74  14:43  Terran Vehicle And Ship Armor Level 1  
  74  14:46  Marine x3  
  77  15:00  Battlecruiser  
  77  15:04  Marine x3  
  80  15:15  Terran Infantry Armor Level 2  
  80  15:22  Marine x3  
  83  15:39  Marine  
  84  16:21  Weapon Refit  
  84  16:29  Battlecruiser  
  67  16:38  Terran Ship Weapons Level 1  
  51  17:15  Marine x3  
  51  17:22  Thor  
  60  17:33  Marine x3, Battlecruiser  
  69  17:51  Marine x3  
  72  18:01  Rapid Reignition System  
  72  18:09  Marine x3  
  75  18:27  Marine  
  76  18:37  Medivac  
  78  19:07  Battlecruiser  
  84  19:38  Marine  
  84  19:39  Marine  
  84  19:40  Missile Turret  
  86  19:49  Marine  
  87  19:56  Marine x2  
  89  20:01  Missile Turret  
  89  20:07  Marine  
  90  20:14  Marine x2  
  92  20:22  Missile Turret  
  92  20:23  Command Center  
  92  20:24  Marine  
  93  20:32  Marine  
  94  20:42  Battlecruiser  
  94  20:44  Missile Turret  
  94  20:47  Marine x2  
  78  21:05  Marine  
  78  21:08  Missile Turret  
  67  21:11  Marine  
  67  21:12  Marine  
  69  21:22  Marine  
  70  21:29  Marine x2  
  70  21:31  Missile Turret  
  65  21:40  Marine  
  65  21:46  Medivac  
  64  21:47  Marine x2  
  64  21:50  Thor  
  70  21:58  Marine  
  70  21:59  Refinery  
  71  22:02  Refinery  
  71  22:05  Marine x2  
  73  22:16  Marine, Battlecruiser  
  80  22:33  Thor  
  86  23:07  Marine x3  
  89  23:16  Thor  
  95  23:20  Battlecruiser  
  66  24:12  Marine  
  66  24:13  Marine x2  
  67  24:24  Medivac  
  67  24:30  Marine x2  
  67  24:31  Marine  
  65  24:48  Marine x3  
  74  25:06  Marine x3  
  83  25:24  Marine  
Show
View Real Time Build Order
Export as new Build Order

MrFercho Zerg - Winner!

Build Orders: Hatch First 

Get SALT Encoding   

  12  0:01  Drone  
  13  0:13  Overlord  
  13  0:17  Drone  
  14  0:32  Drone x2  
  16  0:52  Drone  
  16  0:55  Hatchery  
  16  0:56  Drone  
  17  1:01  Drone  
  18  1:10  Extractor  
  17  1:16  Spawning Pool  
  16  1:18  Drone  
  16  1:21  Drone  
  18  1:29  Drone  
  19  1:40  Drone  
  20  1:51  Overlord  
  20  2:06  Zergling x2  
  21  2:08  Queen  
  21  2:09  Queen  
  21  2:11  Zergling x2  
  21  2:14  Drone  
  27  2:18  Drone  
  27  2:22  Drone  
  29  2:28  Metabolic Boost  
  29  2:29  Drone  
  30  2:32  Drone  
  31  2:43  Drone  
  31  2:44  Drone  
  33  2:49  Queen  
  35  2:53  Lair  
  35  2:54  Drone  
  35  2:55  Overlord  
  36  3:23  Drone  
  36  3:24  Drone x7  
  36  3:25  Overlord x2  
  44  3:44  Extractor  
  44  3:45  Extractor  
  44  3:47  Drone x2  
  44  3:48  Drone  
  45  3:50  Drone  
  46  3:59  Roach Warren  
  44  4:21  Drone x3  
  44  4:22  Spine Crawler, Drone x2  
  48  4:30  Evolution Chamber  
  47  4:50  Drone x2  
  47  4:51  Drone  
  50  4:55  Glial Reconstitution  
  50  5:00  Roach x4  
  50  5:01  Overlord x4  
  58  5:08  Spine Crawler  
  58  5:10  Spine Crawler  
  56  5:24  Roach  
  56  5:25  Roach x3  
  64  5:29  Ravager x3  
  64  5:34  Ravager  
  67  6:28  Roach  
  67  6:29  Roach x11  
  67  6:30  Overlord x3  
  67  6:31  Overlord x2  
  91  6:39  Drone  
  92  6:43  Overlord x2  
  92  6:48  Zerg Missile Weapons Level 1  
  92  6:59  Drone x3  
  92  7:00  Drone  
  96  7:01  Drone  
  96  7:04  Extractor  
  96  7:09  Hydralisk Den  
  92  7:39  Roach x10  
  92  7:40  Roach  
  114  7:54  Overseer  
  114  7:55  Overseer  
  111  8:11  Hatchery  
  77  8:57  Muscular Augments  
  75  9:03  Hatchery  
  66  9:25  Hydralisk x5  
  66  9:26  Hydralisk x11  
  88  9:35  Spore Crawler  
  88  9:37  Spore Crawler  
  82  9:40  Spore Crawler  
  77  9:47  Roach x7  
  91  9:56  Queen  
  93  10:00  Overlord x2  
  93  10:08  Grooved Spines  
  93  10:13  Zergling x2  
  93  10:14  Zergling x14  
  101  10:25  Drone  
  101  10:26  Drone x3  
  105  10:47  Hydralisk  
  105  10:48  Hydralisk x12  
  108  11:15  Hydralisk  
  108  11:16  Hydralisk x10  
  116  11:29  Hydralisk x3  
  122  11:35  Overlord x2  
  122  11:39  Drone x2  
  127  11:40  Drone x7  
  78  12:28  Spire  
  67  12:32  Extractor  
  67  12:34  Extractor  
  59  12:41  Hatchery  
  56  12:49  Nydus Network, Hydralisk x11  
  77  12:54  Zergling x22  
  88  13:10  Hydralisk  
  88  13:11  Hydralisk x3  
  96  13:26  Drone x5  
  96  13:27  Drone x2  
  103  13:33  Hydralisk x6  
  115  13:46  Lurker Den  
  114  13:52  Overseer  
  114  14:18  Hydralisk  
  114  14:19  Hydralisk x10  
  136  14:26  Zerg Missile Weapons Level 2  
  136  14:38  Nydus Canal  
  99  15:17  Corruptor x5  
  99  15:18  Corruptor x2  
  113  15:22  Zerg Flyer Weapons Level 1  
  113  15:33  Drone x3  
  113  15:34  Drone x3  
  113  15:35  Extractor, Drone x3  
  120  15:36  Drone x6  
  120  15:37  Drone x5  
  120  15:38  Extractor, Drone x5  
  120  15:39  Drone x3  
  120  15:40  Drone x3  
  142  16:28  Hatchery  
  142  16:29  Extractor  
  142  16:30  Corruptor x2  
  142  16:31  Corruptor x5  
  154  16:35  Extractor  
  154  16:39  Hatchery  
  152  16:59  Hatchery, Corruptor x5  
  161  17:10  Infestation Pit  
  154  17:26  Corruptor x2  
  154  17:27  Corruptor x6  
  154  17:42  Corruptor x3  
  160  18:08  Hive  
  160  18:35  Corruptor x6  
  160  18:36  Corruptor x2  
  176  18:45  Zerg Flyer Armor Level 1  
  176  18:51  Zerg Ground Armor Level 1  
  176  19:26  Extractor  
  176  19:27  Extractor  
  176  19:29  Drone x2  
  176  19:30  Drone  
  177  19:31  Drone x2  
  177  19:32  Drone  
  177  19:34  Drone x2  
  177  19:35  Drone x2  
  184  19:41  Seismic Spines  
  184  19:52  Spire  
  183  19:53  Corruptor x4  
  185  20:25  Overlord x3  
  185  20:26  Overlord x4  
  175  20:38  Adaptive Talons  
  163  21:12  Corruptor x19  
  175  21:36  Zergling x10  
  175  21:37  Zergling x38  
  163  23:04  Corruptor x4  
  163  23:05  Corruptor x14  
  199  23:23  Hatchery  
  182  23:45  Corruptor  
  182  23:46  Corruptor x10  
  182  23:47  Corruptor  
  186  24:06  Greater Spire  
  186  24:42  Pneumatized Carapace  
  186  24:43  Overseer  
  186  24:44  Overseer  
  186  24:45  Overseer  
Show
View Real Time Build Order
Export as new Build Order

Microvawe Terran 

Build Orders:  

Get SALT Encoding   

  12  0:18  Supply Depot  
  12  0:22  Refinery  
  12  1:09  Barracks  
  12  1:12  Refinery  
  12  1:42  Barracks  
  12  1:50  SCV  
  13  2:00  Factory  
  13  2:02  SCV  
  14  2:14  Barracks Tech Lab, SCV  
  15  2:26  SCV  
  17  2:39  Barracks Reactor  
  16  2:53  SCV  
  17  3:03  Marine  
  17  3:04  Factory Tech Lab  
  17  3:05  SCV  
  19  3:06  Starport  
  19  3:15  Marine x2  
  21  3:29  Marine  
  21  3:33  Marine  
  23  3:50  Supply Depot  
  23  4:06  Orbital Command  
  23  4:11  Marine x3  
  23  4:14  Supply Depot  
  26  4:29  Marine x2  
  27  4:47  Marine x2  
  29  5:05  Marine x2  
  30  5:15  Starport Tech Lab  
  26  5:22  Marine x2  
  17  6:42  Command Center  
  17  6:45  SCV  
  18  6:50  Fusion Core  
  21  6:54  Siege Tank  
  21  6:57  Marine, SCV  
  23  7:09  SCV  
  23  7:15  Marine  
  25  7:26  Siege Tank  
  28  7:38  Battlecruiser  
  34  7:55  Orbital Command  
  34  7:58  Siege Tank  
  37  8:07  Refinery  
  37  8:17  Starport  
  37  8:21  Marine  
  37  8:24  Barracks Reactor  
  38  8:30  Refinery  
  38  8:39  Marine  
  39  8:42  Battlecruiser  
  44  9:08  Starport Tech Lab  
  44  9:10  Orbital Command  
  44  9:13  Marine  
  44  9:14  Marine  
  46  9:26  Battlecruiser  
  52  9:31  Marine x2  
  54  9:47  Supply Depot  
  54  9:48  Supply Depot  
  54  10:08  Battlecruiser, SCV  
  54  10:10  Supply Depot  
  61  10:14  Supply Depot  
  61  10:20  SCV  
  62  10:29  Siege Tank  
  62  10:32  Battlecruiser, SCV  
  62  10:35  Supply Depot  
  72  10:37  Supply Depot  
  72  10:44  SCV  
  72  10:49  Refinery  
  73  10:57  SCV  
  74  11:00  Supply Depot  
  74  11:04  Supply Depot  
  74  11:09  SCV  
  75  11:13  Battlecruiser  
  75  11:15  Refinery  
  81  11:21  SCV  
  82  11:33  SCV  
  82  11:36  Battlecruiser  
  89  11:45  SCV  
  90  12:17  Battlecruiser  
  96  12:41  Battlecruiser  
  102  13:02  Supply Depot  
  102  13:11  Supply Depot  
  102  13:13  Supply Depot  
  102  13:21  Battlecruiser  
  102  13:23  SCV  
  102  13:25  Supply Depot  
  109  13:35  SCV  
  109  13:36  Supply Depot x2  
  110  13:48  Supply Depot  
  105  14:12  Supply Depot  
  105  14:35  Supply Depot  
  105  14:50  Battlecruiser  
  105  14:52  Battlecruiser  
  117  15:01  Supply Depot  
  117  15:34  SCV  
  118  15:54  Battlecruiser  
  118  15:56  Battlecruiser  
  118  16:58  Battlecruiser  
  97  17:55  Armory  
  97  18:03  Armory  
  97  18:10  Battlecruiser  
  103  18:42  Command Center  
  103  19:58  Refinery  
  85  20:25  Refinery  
  73  21:28  SCV  
  74  21:40  SCV  
  72  22:08  Siege Tank  
  48  23:48  Orbital Command  
Show
View Real Time Build Order
Export as new Build Order

Mirachael Protoss 

Build Orders:  

Get SALT Encoding   

  12  0:00  Probe  
  13  0:12  Probe  
  14  0:24  Probe  
  14  0:27  Pylon  
  15  0:45  Probe (Chrono Boost)  
  15  0:49  Gateway  
  16  0:56  Probe (Chrono Boost)  
  17  1:01  Probe (Chrono Boost)  
  18  1:09  Assimilator  
  18  1:12  Probe  
  19  1:25  Pylon  
  19  1:33  Probe  
  20  1:40  Assimilator  
  20  1:43  Forge  
  20  1:45  Probe, Cybernetics Core  
  21  1:57  Probe  
  22  2:09  Probe  
  23  2:18  Photon Cannon  
  23  2:21  Probe  
  24  2:27  Robotics Facility  
  24  2:34  Photon Cannon  
  24  2:43  Pylon  
  24  2:45  Shield Battery  
  24  2:48  Probe  
  25  3:00  Probe  
  26  3:08  Photon Cannon  
  26  3:09  Nexus  
  26  3:25  Immortal  
  30  3:35  Probe  
  30  3:38  Pylon  
  30  3:51  Stargate  
  30  3:54  Probe  
  31  3:56  Pylon  
  31  4:05  Shield Battery  
  31  4:06  Probe  
  32  4:32  Immortal  
  36  4:59  Shield Battery  
  36  5:01  Pylon  
  36  5:11  Probe (Chrono Boost)  
  33  5:14  Assimilator  
  33  5:17  Phoenix  
  33  5:19  Assimilator  
  33  5:20  Probe (Chrono Boost)  
  36  5:25  Probe (Chrono Boost)  
  37  5:37  Probe  
  37  5:42  Phoenix  
  39  5:49  Probe (Chrono Boost)  
  36  6:01  Probe (Chrono Boost)  
  37  6:09  Fleet Beacon  
  37  6:10  Probe (Chrono Boost)  
  38  6:13  Twilight Council  
  38  6:14  Phoenix  
  38  6:16  Stargate  
  41  6:19  Probe x2 (Chrono Boost)  
  41  6:20  Protoss Air Weapons Level 1  
  42  6:29  Probe (Chrono Boost)  
  42  6:31  Probe (Chrono Boost)  
  44  6:34  Probe (Chrono Boost)  
  45  6:44  Probe (Chrono Boost)  
  45  6:46  Pylon  
  47  6:49  Phoenix  
  47  6:52  Probe (Chrono Boost)  
  47  6:54  Probe (Chrono Boost)  
  50  6:59  Probe (Chrono Boost)  
  51  7:10  Probe  
  51  7:14  Phoenix  
  55  7:22  Probe  
  55  7:30  Probe  
  56  7:43  Phoenix x2  
  60  7:46  Anion Pulse-Crystals  
  60  7:55  Cybernetics Core  
  60  7:59  Nexus  
  60  8:08  Phoenix  
  62  8:43  Pylon  
  62  8:45  Pylon  
  62  8:47  Pylon  
  62  8:48  Pylon  
  62  8:51  Pylon  
  62  8:53  Phoenix  
  62  8:54  Protoss Air Armor Level 1  
  62  9:01  Phoenix  
  54  9:18  Phoenix  
  49  9:26  Phoenix  
  45  9:39  Probe (Chrono Boost)  
  45  9:43  Phoenix  
  45  9:44  Probe (Chrono Boost)  
  49  9:50  Probe (Chrono Boost)  
  49  9:51  Phoenix  
  49  9:52  Probe (Chrono Boost)  
  53  9:55  Protoss Air Weapons Level 2, Probe (Chrono Boost)  
  53  9:57  Probe (Chrono Boost)  
  55  10:05  Probe (Chrono Boost)  
  54  10:08  Phoenix  
  54  10:11  Probe (Chrono Boost)  
  57  10:16  Phoenix  
  57  10:18  Probe (Chrono Boost)  
  61  10:24  Probe (Chrono Boost)  
  61  10:27  Assimilator, Probe x2 (Chrono Boost)  
  63  10:31  Assimilator  
  63  10:32  Probe (Chrono Boost)  
  63  10:33  Phoenix  
  63  10:34  Probe (Chrono Boost)  
  63  10:35  Dark Shrine  
  67  10:37  Probe (Chrono Boost)  
  67  10:41  Phoenix  
  70  10:44  Probe  
  70  10:48  Probe (Chrono Boost)  
  72  10:58  Phoenix  
  72  11:00  Probe (Chrono Boost)  
  75  11:06  Phoenix  
  75  11:08  Probe (Chrono Boost)  
  78  11:15  Probe  
  64  11:27  Probe  
  64  11:29  Phoenix  
  64  11:31  Phoenix  
  59  11:41  Probe (Chrono Boost)  
  60  11:48  Warp Gate  
  60  11:51  Probe (Chrono Boost)  
  61  11:54  Phoenix  
  61  11:56  Probe (Chrono Boost)  
  61  11:59  Phoenix  
  66  12:01  Dark Templar  
  66  12:08  Probe  
  69  12:19  Phoenix  
  69  12:20  Probe  
  72  12:24  Phoenix  
  74  12:44  Phoenix  
  74  12:46  Probe (Chrono Boost)  
  74  12:49  Phoenix  
  79  12:52  Nexus  
  79  12:56  Probe (Chrono Boost)  
  80  13:01  Probe (Chrono Boost)  
  80  13:02  Probe (Chrono Boost)  
  82  13:07  Nexus  
  82  13:13  Probe  
  83  13:20  Phoenix  
  83  13:21  Phoenix  
  83  13:25  Probe  
  88  14:11  Phoenix  
  88  14:12  Phoenix  
  88  14:15  Dark Templar  
  94  14:17  Probe (Chrono Boost)  
  95  14:27  Probe (Chrono Boost)  
  96  14:32  Probe (Chrono Boost)  
  96  14:36  Phoenix  
  96  14:37  Phoenix  
  101  14:43  Probe  
  102  14:55  Probe  
  101  15:15  Probe (Chrono Boost)  
  100  15:24  Phoenix x2  
  96  15:39  Probe (Chrono Boost)  
  96  15:41  Pylon  
  96  15:42  Pylon  
  88  15:44  Protoss Air Armor Level 2  
  88  15:49  Protoss Air Weapons Level 3, Probe (Chrono Boost), Phoenix x2  
  93  15:54  Probe (Chrono Boost)  
  94  16:01  Dark Templar  
  96  16:05  Probe  
  96  16:08  Pylon  
  97  16:14  Phoenix x2  
  97  16:17  Probe  
  95  18:00  Nexus  
  95  18:02  Assimilator, Probe (Chrono Boost)  
  96  18:05  Assimilator  
  96  18:06  Assimilator  
  96  18:12  Probe (Chrono Boost)  
  95  18:16  Phoenix x2  
  95  18:17  Probe (Chrono Boost)  
  100  18:24  Probe  
  101  18:28  Probe  
  101  18:32  Assimilator  
  102  18:36  Probe  
  102  18:40  Probe  
  104  18:41  Phoenix x2  
  104  18:48  Pylon  
  108  18:52  Probe  
  109  18:56  Pylon  
  109  18:58  Pylon  
  78  19:44  Dark Templar  
  44  21:43  Probe  
  44  21:46  Phoenix  
  47  21:49  Pylon  
  47  21:56  Probe (Chrono Boost)  
  48  22:06  Probe (Chrono Boost)  
  49  22:11  Probe (Chrono Boost), Phoenix  
  52  22:22  Probe  
  53  22:36  Phoenix  
  33  23:01  Phoenix  
Show
View Real Time Build Order
Export as new Build Order

ttorrrr Zerg 

Build Orders: Pool First, Swarm Host 

Get SALT Encoding   

  12  0:15  Drone x2  
  14  0:38  Overlord  
  14  0:50  Spawning Pool  
  13  1:14  Drone x3  
  13  1:15  Hatchery  
  15  1:19  Extractor  
  14  1:47  Drone x3  
  17  2:02  Zergling x2  
  18  2:17  Queen  
  20  2:36  Drone x3  
  23  2:40  Drone x2  
  25  2:44  Queen  
  27  3:03  Overlord x2  
  27  3:07  Metabolic Boost  
  27  3:13  Drone  
  27  3:18  Overlord x2  
  27  3:35  Zergling x8  
  31  3:51  Drone  
  31  3:52  Drone x2  
  34  3:58  Extractor  
  33  4:04  Extractor  
  33  4:08  Drone x3  
  36  5:00  Drone x3  
  36  5:06  Extractor  
  37  5:14  Zergling x6  
  37  5:15  Zergling x16  
  48  5:33  Hatchery  
  48  5:34  Overlord x2  
  47  6:06  Drone x6  
  53  6:18  Extractor  
  53  6:19  Extractor  
  53  6:22  Lair  
  51  6:26  Burrow  
  51  6:28  Drone  
  51  6:29  Drone x2  
  51  7:11  Drone  
  51  7:12  Drone x2  
  51  7:13  Drone x2  
  51  7:14  Drone  
  57  7:26  Spire  
  56  7:33  Infestation Pit  
  43  7:58  Zergling x18  
  50  7:59  Zergling x14  
  45  8:38  Mutalisk x4  
  45  8:39  Mutalisk x5  
  49  9:01  Zergling x6  
  41  9:46  Zergling x2  
  41  9:47  Zergling x10  
  37  10:05  Zerg Flyer Weapons Level 1  
  35  10:35  Swarm Host x7  
  71  10:49  Drone x2  
  47  11:59  Zerg Flyer Armor Level 1  
  43  12:26  Drone x2  
  43  12:28  Drone x5  
  50  12:48  Evolution Chamber  
  67  13:27  Extractor  
  67  13:28  Overseer  
  66  13:38  Queen  
  68  14:29  Overlord x3  
  74  14:31  Overlord  
  74  14:32  Overlord x2  
  103  16:15  Drone x3  
  103  16:18  Overlord x3  
  106  16:41  Nydus Network  
  105  16:54  Swarm Host  
  123  17:45  Nydus Canal  
  123  17:49  Swarm Host x3  
  147  17:58  Zerg Ground Armor Level 1  
  147  18:31  Overlord  
  147  18:32  Overlord x6  
  147  18:35  Zerg Flyer Weapons Level 2  
  147  19:00  Hatchery  
  146  19:06  Nydus Canal  
  137  19:52  Zerg Missile Weapons Level 1  
  131  20:18  Mutalisk x7  
  131  20:19  Mutalisk  
  143  20:50  Zerg Flyer Armor Level 2  
  141  21:56  Nydus Canal  
Tags
 
Add a new tag
Caveats
  • Supply blocks, unpowered buildings, or Contaminate may cause inaccurate times.
  • Supply counts are checked every 10 seconds.